[Event "Titled Tuesday Blitz May 11 2021"]
[White "Sanal, Vahap"]
[Black "gurelediz"]
[WhiteFideId "6300545"]
[WhiteElo "2507"]
[BlackElo "2738"]
[Result "1-0"]
[Round "06"]
[TimeControl "180+1"]
[Date "2021.05.11"]
[WhiteClock "0:00:27"]
[BlackClock "0:00:02"]

1. d4 Nf6 2. Bf4 e6 3. e3 c5 4. Nf3 Nc6 5. Nbd2 Be7 6. c3 O-O 7. h3 d6 8. Be2 Re8 9. O-O Bf8 10. Bh2 e5 11. dxe5 Nxe5 12. Nxe5 dxe5 13. Nc4 e4 14. Nd6 Bxd6 15. Qxd6 Qxd6 16. Bxd6 b6 17. a4 Bd7 18. Rfd1 Bc6 19. a5 Nd7 20. axb6 axb6 21. Bc7 Rec8 22. Rxa8 Rxa8 23. Bg4 Nf6 24. Bxb6 Nxg4 25. hxg4 c4 26. Rd6 Rc8 27. Kh2 f6 28. Rd4 Bb7 29. Ba5 Ba8 30. Bb4 Kf7 31. Rd7+ Kg6 32. Kg3 Bc6 33. Ra7 Rd8 34. Rc7 Bb5 35. Rc5 Ba6 36. Rc6 Bb5 37. Rb6 Ba4 38. Rb7 Bc2 39. Bc5 Ra8 40. Kf4 Bd3 41. Bb4 Rc8 42. Rd7 Re8 43. Ra7 Rc8 44. Kg3 Re8 45. Rb7 Rc8 46. f4 exf3 47. gxf3 Rg8 48. e4 h5 49. Bc5 hxg4 50. Kxg4 Re8 51. Kf4 Rc8 52. Bd4 Re8 53. Ke3 Bc2 54. Rc7 Bb3 55. f4 Ra8 56. f5+ Kh6 57. Bc5 Re8 58. Kf3 Bd1+ 59. Ke3 Bc2 60. Be7 Bd3 61. Kf4 Bc2 62. Ke3 Kh7 63. Kd4 Bd3 64. b4 Kg8 65. b5 Kf7 66. b6 1-0


[Site "https://www.chess.com"]

[Event "Titled Tuesday Blitz May 11 2021"]
[White "Sethuraman, S.P."]
[Black "Keymer, Vincent"]
[WhiteFideId "5021596"]
[BlackFideId "12940690"]
[WhiteElo "2477"]
[BlackElo "2474"]
[Result "1-0"]
[Round "06"]
[TimeControl "180+1"]
[Date "2021.05.11"]
[WhiteClock "0:00:17"]
[BlackClock "0:00:03"]

1. e4 c6 2. d4 d5 3. e5 Bf5 4. Nf3 e6 5. Be2 c5 6. c3 Nc6 7. O-O a6 8. Be3 Qb6 9. b3 h6 10. Nbd2 cxd4 11. Nxd4 Nxd4 12. Bxd4 Bc5 13. Bxc5 Qxc5 14. c4 d4 15. Bf3 Qc7 16. b4 Ne7 17. Qa4+ Kf8 18. c5 g5 19. Rfe1 Ng6 20. Nc4 g4 21. Be4 Bxe4 22. Rxe4 b5 23. Qa5 Qxa5 24. Nxa5 d3 25. Nb7 h5 26. Rd1 a5 27. bxa5 Ke7 28. Rxd3 Ra7 29. c6 Rc8 30. Rc3 Ra6 31. c7 Ra7 32. a6 Rxa6 33. Nd6 Rxd6 34. exd6+ Kxd6 35. Rd4+ Ke7 36. Rb4 Kd6 37. Rxb5 Nf4 38. Rb6+ Kd7 39. Rc5 Nd5 40. Rb8 Rxc7 41. Rxc7+ Kxc7 42. Rh8 Nf6 43. Rh6 1-0


[Site "https://www.chess.com"]

[Event "Titled Tuesday Blitz May 11 2021"]
[White "Svane, Rasmus"]
[Black "Lintchevski, Daniil"]
[WhiteFideId "4657101"]
[BlackFideId "4171055"]
[WhiteElo "2669"]
[BlackElo "2505"]
[Result "1-0"]
[Round "06"]
[TimeControl "180+1"]
[Date "2021.05.11"]
[WhiteClock "0:00:31"]
[BlackClock "0:00:22"]

1. Nf3 d5 2. g3 Bg4 3. Bg2 c6 4. h3 Bh5 5. O-O Nd7 6. d4 Ngf6 7. c4 e6 8. cxd5 exd5 9. Ne5 Bg6 10. Nc3 Be7 11. f4 Be4 12. Nxe4 Nxe4 13. Bxe4 dxe4 14. Qb3 Nxe5 15. dxe5 Qb6+ 16. Be3 Bc5 17. Bxc5 Qxc5+ 18. Kg2 O-O 19. Rad1 Rad8 20. e6 Qe7 21. exf7+ Qxf7 22. Qxf7+ Kxf7 23. Kf2 Rd5 24. Ke3 Rfd8 25. Rxd5 Rxd5 26. Rc1 g5 27. fxg5 Rxg5 28. g4 h5 29. Rf1+ Ke6 30. Rf4 hxg4 31. Rxe4+ Kd5 32. hxg4 Rg8 33. Rf4 Ke6 34. Kf3 b5 35. b4 a5 36. a3 axb4 37. axb4 Ra8 38. g5 Ra3+ 39. e3 Ra8 40. Kg4 Rb8 41. Rf5 Rg8 42. e4 Kd6 43. Kf4 Ke6 44. Rf6+ Kd7 45. g6 Ke7 46. Kf5 Rh8 47. Rf7+ Kd6 48. e5+ Kd5 1-0


[Site "https://www.chess.com"]

[Event "Titled Tuesday Blitz May 11 2021"]
[White "Tristan, Leonardo"]
[Black "Narayanan.S.L"]
[WhiteFideId "113816"]
[BlackFideId "5058422"]
[WhiteElo "2404"]
[BlackElo "2617"]
[Result "0-1"]
[Round "06"]
[TimeControl "180+1"]
[Date "2021.05.11"]
[WhiteClock "0:00:04"]
[BlackClock "0:01:31"]

1. d4 e6 2. Nf3 c5 3. c3 Nf6 4. Bf4 d5 5. e3 Bd6 6. Bb5+ Nc6 7. Bg3 O-O 8. Nbd2 h6 9. Bxc6 bxc6 10. Qa4 Bxg3 11. hxg3 Qb6 12. Qa3 cxd4 13. cxd4 Rb8 14. b3 Ba6 15. Qc5 Qxc5 16. dxc5 Nd7 17. Rc1 Rb5 18. Rh4 Rxc5 19. Rxc5 Nxc5 20. Ne5 Nd3+ 21. Nxd3 Bxd3 22. Ra4 a6 23. Ra5 Rc8 24. Rc5 Kf8 25. b4 Ke7 26. a3 Kd6 27. Nb3 Bc4 28. Na5 Bb5 29. Kd2 e5 30. Kc3 f6 31. Kb3 Bf1 32. Rc1 Bxg2 33. Nb7+ Kc7 34. Nc5 Kb6 35. Ne6 d4 36. Nxg7 dxe3 37. fxe3 Rg8 38. Nf5 Be4 39. Nd6 Bd5+ 40. Ka4 Rxg3 41. Nc8+ Kc7 42. Ne7 Be4 43. Rc3 f5 44. Kb3 f4 45. exf4 exf4 46. Kc4 Rxc3+ 47. Kxc3 f3 48. Kd2 h5 49. Ke3 h4 50. Ng8 h3 51. Nf6 h2 52. Nxe4 h1=Q 53. Nf2 Qa1 54. Kxf3 Qxa3+ 0-1


[Site "https://www.chess.com"]

[Event "Titled Tuesday Blitz May 11 2021"]
[White "Vogel, Roven"]
[Black "Quparadze, Giga"]
[WhiteFideId "12908088"]
[BlackFideId "13602250"]
[WhiteElo "2516"]
[BlackElo "2658"]
[Result "0-1"]
[Round "06"]
[TimeControl "180+1"]
[Date "2021.05.11"]
[WhiteClock "0:00:05"]
[BlackClock "0:00:42"]

1. d4 e6 2. c4 Nf6 3. Nf3 b6 4. a3 c6 5. Nc3 d5 6. cxd5 cxd5 7. Bf4 a6 8. e3 Bb7 9. Bd3 Bd6 10. Ne5 O-O 11. O-O Ne4 12. Qc2 f5 13. f3 Nxc3 14. Qxc3 Bxe5 15. Bxe5 Nc6 16. Bg3 Rc8 17. Qd2 Na5 18. Qe2 Nb3 19. Rad1 b5 20. Bc2 Na5 21. Rc1 Qb6 22. Bd3 Nb3 23. Rc2 f4 24. Rxc8 Bxc8 25. Bxf4 Nxd4 26. Qf2 Nc6 27. Qh4 g6 28. Rc1 Bd7 29. Qh6 Be8 30. Bd6 Rf6 31. Bc5 Qb8 32. Qg5 Kg7 33. Bf1 Rf5 34. Qh4 g5 35. Qe1 Qd8 36. e4 Re5 37. Rd1 d4 38. b4 Rxc5 39. bxc5 e5 40. Qd2 Qe7 41. Rc1 h6 42. a4 bxa4 43. Bxa6 a3 44. Bb5 Qa7 45. Qa2 Nb4 46. Qc4 a2 47. Ra1 Bxb5 48. Qxb4 Be8 49. Qb6 Qa3 50. Qc7+ Kg8 51. Qxe5 Qe3+ 52. Kh1 Bf7 53. c6 Qc3 54. Qb8+ Kh7 55. Rg1 a1=Q 0-1


[Site "https://www.chess.com"]

[Event "Titled Tuesday Blitz May 11 2021"]
[White "Yoo, Christopher Woojin"]
[Black "Yuan, Qingyu"]
[WhiteFideId "30909694"]
[BlackFideId "8609772"]
[WhiteElo "2009"]
[BlackElo "2359"]
[Result "1-0"]
[Round "06"]
[TimeControl "180+1"]
[Date "2021.05.11"]
[WhiteClock "0:00:06"]
[BlackClock "0:00:03"]

1. e4 c5 2. Nf3 d6 3. d4 cxd4 4. Nxd4 Nf6 5. Nc3 a6 6. a3 e5 7. Nf5 d5 8. Bg5 d4 9. Bxf6 gxf6 10. Nb1 Bxf5 11. exf5 Qb6 12. Nd2 Nd7 13. Bd3 Qxb2 14. O-O Qb6 15. Rb1 Qc7 16. Qh5 Nc5 17. Ne4 Nxe4 18. Bxe4 Rb8 19. Rb3 Rg8 20. Qxh7 Rg4 21. Bd3 b5 22. Qh3 Rg8 23. Qf3 Qb6 24. a4 b4 25. a5 Qd6 26. Be4 Kd8 27. Rfb1 Kc7 28. Qd3 Rb5 29. Qc4+ Kd8 30. Qxf7 Rg7 31. Qc4 Rc7 32. Qe2 Rxa5 33. h4 Rb5 34. Rg3 Rg7 35. Rxg7 Bxg7 36. Qc4 Qe7 37. Ra1 Rb6 38. Rxa6 Rxa6 39. Qxa6 Qc7 40. Qa8+ Qc8 41. Qa5+ Ke7 42. Qxb4+ Kd7 43. h5 Bh6 44. Qb6 Qd8 45. Qe6+ Kc7 46. Qc6+ Kb8 47. Qb7# 1-0


[Site "https://www.chess.com"]

[Event "Titled Tuesday Blitz May 11 2021"]
[White "dropstoneDP"]
[Black "Sevian, Samuel"]
[BlackFideId "2040506"]
[WhiteElo "2897"]
[BlackElo "2991"]
[Result "1-0"]
[Round "06"]
[TimeControl "180+1"]
[Date "2021.05.11"]
[WhiteClock "0:00:21"]
[BlackClock "0:00:02"]

1. Nf3 d5 2. b3 Nf6 3. Bb2 c5 4. e3 Nc6 5. Bb5 Bd7 6. O-O e6 7. c4 a6 8. Bxc6 Bxc6 9. Ne5 Rc8 10. Nxc6 Rxc6 11. Bxf6 Qxf6 12. Nc3 d4 13. exd4 Qxd4 14. Ne2 Qd3 15. Rc1 Be7 16. Rc3 Qd7 17. d4 cxd4 18. Qxd4 Qxd4 19. Nxd4 Rd6 20. Nf3 Bf6 21. Rc2 Ke7 22. g3 Rhd8 23. Re1 Rd3 24. Kg2 a5 25. h4 g6 26. Ree2 Rd1 27. Red2 R8xd2 28. Nxd2 Bd4 29. c5 Kd7 30. Nc4 Bxc5 31. Ne5+ Kd6 32. Nxf7+ Kd5 33. Ng5 Bd4 34. Nxh7 Ke4 35. Nf8 Kd3 36. Rc7 Rd2 37. Rf7 e5 38. Nxg6 Rxa2 39. h5 e4 40. Nf4+ Kc3 41. Ne6 Be5 42. Rf5 Bh8 43. h6 e3 44. Rf3 Rxf2+ 45. Rxf2 exf2 46. g4 Kd3 47. g5 Ke2 48. Nf4+ Ke3 49. g6 Be5 50. g7 Bxf4 1-0


[Site "https://www.chess.com"]

[Event "Titled Tuesday Blitz May 11 2021"]
[White "Artemiev, Vladislav"]
[Black "Yoo, Christopher Woojin"]
[WhiteFideId "24101605"]
[BlackFideId "30909694"]
[WhiteElo "2783"]
[BlackElo "2009"]
[Result "1-0"]
[Round "07"]
[TimeControl "180+1"]
[Date "2021.05.11"]
[WhiteClock "0:00:08"]
[BlackClock "0:00:18"]

1. e4 c5 2. g3 Nc6 3. Bg2 g6 4. Ne2 Bg7 5. O-O d6 6. c3 e5 7. d3 Nge7 8. Be3 O-O 9. Qd2 Bg4 10. h3 Be6 11. d4 exd4 12. cxd4 Bc4 13. d5 Nd4 14. Bxd4 Bxd4 15. Nxd4 Bxf1 16. Bxf1 cxd4 17. Qxd4 Nc8 18. Nd2 Qb6 19. Qc3 Qc5 20. Qxc5 dxc5 21. Rc1 b6 22. e5 Ne7 23. d6 Nf5 24. Nf3 Rad8 25. g4 Ng7 26. Bc4 h6 27. Nd2 Rfe8 28. f4 Ne6 29. Rf1 Kg7 30. Ne4 Nd4 31. Nf6 Rf8 32. Ne4 b5 33. Bd5 c4 34. Kf2 f5 35. exf6+ Rxf6 36. Nxf6 Kxf6 37. Rd1 Nc2 38. Be4 Nb4 39. a3 Na6 40. h4 Nc5 41. g5+ hxg5 42. hxg5+ Kf7 43. Bc2 Nb7 44. d7 Nc5 45. Rd5 Rxd7 46. Rxc5 Rd2+ 47. Ke3 Rxc2 48. Rxb5 c3 49. b3 Rh2 50. Kd3 c2 51. Rc5 Ke6 52. Rxc2 Rxc2 53. Kxc2 Kf5 54. b4 Kxf4 55. b5 Kxg5 56. a4 Kh4 57. a5 g5 58. b6 axb6 59. axb6 g4 60. b7 g3 61. b8=Q 1-0


[Site "https://www.chess.com"]

[Event "Titled Tuesday Blitz May 11 2021"]
[White "Bluebaum, Matthias"]
[Black "Oliveira, Silvio Eduardo"]
[WhiteFideId "24651516"]
[BlackFideId "2111560"]
[WhiteElo "2685"]
[BlackElo "2302"]
[Result "1-0"]
[Round "07"]
[TimeControl "180+1"]
[Date "2021.05.11"]
[WhiteClock "0:00:32"]
[BlackClock "0:00:02"]

1. d4 Nf6 2. Nc3 d5 3. Bf4 e6 4. Nb5 Na6 5. e3 Be7 6. Nf3 O-O 7. h4 c6 8. Nc3 c5 9. h5 Bd7 10. h6 g6 11. Ne5 Rc8 12. a3 Nb8 13. Bd3 c4 14. Be2 b5 15. Bf3 a5 16. Ne2 b4 17. axb4 axb4 18. O-O Nc6 19. Ng3 Ra8 20. Qe2 Qb6 21. c3 Qb7 22. e4 Nxe5 23. Bxe5 Bc6 24. exd5 Bxd5 25. Bxd5 Nxd5 26. Bg7 Rfc8 27. Qf3 bxc3 28. bxc3 Qb3 29. Ne4 f5 30. Rxa8 Rxa8 31. Nc5 Bxc5 32. dxc5 Kf7 33. Bd4 Qc2 34. c6 Rc8 35. Ra1 Rc7 36. Be5 Qb2 37. Qd1 Rxc6 38. Ra7+ Ke8 39. Rxh7 1-0


[Site "https://www.chess.com"]

[Event "Titled Tuesday Blitz May 11 2021"]
[White "Chigaev, Maksim"]
[Black "Le, Tuan Minh"]
[WhiteFideId "4108116"]
[BlackFideId "12401153"]
[WhiteElo "2646"]
[BlackElo "2450"]
[Result "1-0"]
[Round "07"]
[TimeControl "180+1"]
[Date "2021.05.11"]
[WhiteClock "0:00:22"]
[BlackClock "0:00:10"]

1. e4 c5 2. Nc3 Nc6 3. Bb5 g6 4. Bxc6 bxc6 5. f4 Bg7 6. Nf3 d6 7. O-O Nf6 8. Kh1 O-O 9. d3 Rb8 10. Qe1 d5 11. e5 Ne8 12. Na4 c4 13. d4 Bf5 14. Rf2 Nc7 15. b3 cxb3 16. axb3 Ne6 17. Qc3 f6 18. Be3 fxe5 19. dxe5 Be4 20. Nd4 Nxd4 21. Qxd4 Qc7 22. Nc5 Bf5 23. Na6 Qc8 24. Nxb8 Qxb8 25. Rxa7 Re8 26. h3 Be4 27. Qb6 Qc8 28. Kh2 g5 29. Rc7 Qf5 30. Qxc6 Rf8 31. Rxe7 d4 32. Qc4+ Kh8 33. Qxd4 g4 34. Rxg7 Kxg7 35. hxg4 Qg6 36. e6+ Kg8 37. f5 Qxg4 38. e7 Re8 39. f6 Kf7 40. Qc4+ 1-0


[Site "https://www.chess.com"]

[Event "Titled Tuesday Blitz May 11 2021"]
[White "Costachi, Mihnea"]
[Black "Ivic, Velimir"]
[WhiteFideId "1217518"]
[BlackFideId "950122"]
[WhiteElo "2479"]
[BlackElo "2509"]
[Result "0-1"]
[Round "07"]
[TimeControl "180+1"]
[Date "2021.05.11"]
[WhiteClock "0:01:31"]
[BlackClock "0:01:45"]

1. d4 Nf6 2. Bg5 Ne4 3. Bf4 c5 4. f3 Qa5+ 5. c3 Nf6 6. Nd2 cxd4 7. Nb3 Qd8 8. cxd4 e6 9. e4 d5 10. e5 Nfd7 11. Bd3 Nc6 12. Ne2 a5 13. a4 Nb6 14. O-O Be7 15. Bd2 O-O 16. f4 Nc4 17. Bc3 Ne3 18. Bxh7+ Kxh7 19. Qd3+ Nf5 20. g4 Nb4 21. Bxb4 Bxb4 22. gxf5 exf5 23. Kh1 Ra6 24. Rg1 Rh6 25. Qg3 g6 26. Qg5 Kg7 27. Qxd8 Rxd8 28. Rac1 Rdh8 29. Rg2 Rh3 30. Nc5 b6 31. Ng1 Re3 32. e6 bxc5 33. exf7 cxd4 34. Rc6 Be6 35. Nf3 Rxf3 36. Rxe6 Rf1+ 37. Rg1 Rxg1+ 38. Kxg1 d3 39. Re8 Rf8 40. Rxf8 Kxf8 0-1


[Site "https://www.chess.com"]

[Event "Titled Tuesday Blitz May 11 2021"]
[White "Drygalov, Sergey"]
[Black "Laxman, R.R."]
[WhiteFideId "24171743"]
[BlackFideId "5005361"]
[WhiteElo "2538"]
[BlackElo "2476"]
[Result "1-0"]
[Round "07"]
[TimeControl "180+1"]
[Date "2021.05.11"]
[WhiteClock "0:00:07"]
[BlackClock "0:00:01"]

1. d4 Nf6 2. c4 e6 3. Nf3 d5 4. Nc3 a6 5. cxd5 exd5 6. Bg5 Be7 7. Bxf6 Bxf6 8. Qb3 c6 9. g3 O-O 10. h4 c5 11. Nxd5 cxd4 12. Nxf6+ Qxf6 13. Bg2 Nc6 14. O-O Rb8 15. Ng5 Bf5 16. Rac1 d3 17. exd3 Nd4 18. Qd1 Rbd8 19. Re1 h6 20. Ne4 Qb6 21. Qd2 Bxe4 22. Bxe4 f5 23. Bg2 f4 24. gxf4 Qg6 25. Re3 Rxf4 26. Rg3 Qf7 27. h5 Qxh5 28. Re1 Qf7 29. Re4 Rxe4 30. Bxe4 Qxa2 31. Qxh6 Ne2+ 32. Kg2 Nxg3 33. Qh7+ Kf8 34. Qh8+ Qg8 35. Qh4 g5 36. Qxg3 Qg7 37. Qf3+ Qf7 38. Qg3 Qf4 39. Qh3 Qf6 40. Qh7 b5 41. Qc7 Re8 42. b4 Qe7 43. Qb6 Qe5 44. Qxa6 Re7 45. Qh6+ Ke8 46. Qg6+ Kf8 47. Qh6+ Kg8 48. Qg6+ Rg7 49. Qc6 g4 50. Bd5+ Kh7 51. Be4+ Kg8 52. Bd5+ Kf8 53. Qc8+ Ke7 54. Qc5+ Kf6 55. Qc6+ Kg5 56. Be4 Kh5 57. Qc8 Kg5 58. Qc6 Kh5 59. Qc8 Kg5 60. Qd8+ Kh5 61. Bc6 g3 62. Be8+ Kg4 63. f3+ Kf4 64. Qh4+ Ke3 65. Qh6+ Ke2 66. Bg6 Qb2 67. Kxg3 Ke1 68. f4 Qf2+ 69. Kg4 Qg2+ 70. Kf5 Qd5+ 71. Kg4 Qg2+ 72. Kf5 Qd5+ 73. Kg4 Re7 74. Qh4+ Kd2 75. Qxe7 Qg2+ 76. Kf5 Qh3+ 77. Kf6 Qh4+ 78. Ke6 Qg4+ 79. Bf5 Qe2+ 80. Be4 Qg4+ 81. f5 Qg8+ 82. Qf7 Qc8+ 83. Kf6 Qd8+ 84. Kg6 1-0


[Site "https://www.chess.com"]

[Event "Titled Tuesday Blitz May 11 2021"]
[White "Gabrielian, Artur"]
[Black "Sanal, Vahap"]
[WhiteFideId "4131002"]
[BlackFideId "6300545"]
[WhiteElo "2539"]
[BlackElo "2507"]
[Result "1-0"]
[Round "07"]
[TimeControl "180+1"]
[Date "2021.05.11"]
[WhiteClock "0:00:04"]
[BlackClock "0:00:01"]

1. e4 d6 2. d4 Nf6 3. Nc3 e5 4. Nf3 Nbd7 5. Bc4 Be7 6. O-O O-O 7. a4 c6 8. Re1 h6 9. h3 Re8 10. a5 Rb8 11. Bb3 exd4 12. Qxd4 Nc5 13. Bf4 Be6 14. Bxe6 Nxe6 15. Qd2 Nxf4 16. Qxf4 Qc7 17. Nd4 Bf8 18. Nf5 Nd7 19. Re3 Ne5 20. Rg3 Ng6 21. Qg4 Kh7 22. f4 Qd8 23. h4 Qf6 24. Rd1 Rbd8 25. Rdd3 Ne7 26. Ne3 Ng6 27. h5 Ne7 28. Rf3 Qe6 29. Qh4 f5 30. exf5 Nxf5 31. Nxf5 Qxf5 32. Rfe3 d5 33. Kh2 Bc5 34. Rxe8 Rxe8 35. Rg3 Bd6 36. Rf3 d4 37. Nd1 Qxc2 38. Nf2 Qf5 39. Nh3 d3 40. Qf2 Re2 41. Qd4 Bc5 42. Qxd3 Qxd3 43. Rxd3 Rxb2 44. Rd7 b6 45. f5 Kg8 46. Nf4 Rf2 47. Ne6 Rxf5 48. Rxg7+ Kh8 49. Rxa7 Rxh5+ 50. Kg3 Bd6+ 51. Kg4 Rxa5 52. Rd7 h5+ 53. Kh4 Be5 54. Kxh5 Ra3 55. Kh6 Kg8 56. g4 Rh3+ 57. Kg6 Rf3 58. Rd8+ 1-0


[Site "https://www.chess.com"]

[Event "Titled Tuesday Blitz May 11 2021"]
[White "Grandelius, Nils"]
[Black "Annaberdiyev, Babageldi"]
[WhiteFideId "1710400"]
[BlackFideId "14000385"]
[WhiteElo "2651"]
[BlackElo "2332"]
[Result "1-0"]
[Round "07"]
[TimeControl "180+1"]
[Date "2021.05.11"]
[WhiteClock "0:00:17"]
[BlackClock "0:00:01"]

1. Nf3 c5 2. e3 e6 3. d4 d5 4. Nbd2 Nf6 5. c3 Nc6 6. Bd3 Bd6 7. O-O O-O 8. dxc5 Bxc5 9. e4 b6 10. Qe2 Bb7 11. e5 Nd7 12. Nb3 Be7 13. Bf4 Nc5 14. Nxc5 bxc5 15. Rad1 a5 16. Rfe1 a4 17. Qe3 Ba6 18. Bc2 Rb8 19. Bxa4 Qc7 20. Rd2 Na5 21. b3 Rfd8 22. h4 Bb7 23. h5 h6 24. Nh2 d4 25. cxd4 cxd4 26. Rxd4 Rxd4 27. Qxd4 Nc6 28. Qc4 Qa5 29. Nf3 Nb4 30. a3 Nd5 31. Bd2 Qa7 32. Qg4 Kh8 33. Bb4 Bxb4 34. axb4 Nxb4 35. Qxb4 Bxf3 36. Qh4 Bd5 37. Re3 Qc5 38. Qf4 Qc1+ 39. Kh2 Kg8 40. b4 Qb2 41. b5 Rc8 42. Rg3 Rc4 43. Qf6 1-0


[Site "https://www.chess.com"]

[Event "Titled Tuesday Blitz May 11 2021"]
[White "Jacobson, Brandon"]
[Black "Krivonosov, Oleg"]
[WhiteFideId "30901561"]
[BlackFideId "11600349"]
[WhiteElo "2362"]
[BlackElo "2469"]
[Result "1-0"]
[Round "07"]
[TimeControl "180+1"]
[Date "2021.05.11"]
[WhiteClock "0:00:11"]
[BlackClock "0:00:01"]

1. d4 d5 2. c4 e6 3. Nf3 Nf6 4. g3 Be7 5. Bg2 O-O 6. O-O Nbd7 7. Qc2 c6 8. Rd1 b6 9. b3 Bb7 10. Nc3 c5 11. dxc5 Bxc5 12. cxd5 Nxd5 13. Nxd5 exd5 14. Bb2 Rc8 15. Qf5 Nf6 16. Ng5 Re8 17. e3 h6 18. Bxf6 Qxf6 19. Qxf6 gxf6 20. Nh3 Ba3 21. Nf4 Rc2 22. Bxd5 Ba6 23. Nh5 Bb2 24. Rab1 Kf8 25. Bc4 Bxc4 26. bxc4 Rc8 27. Rd7 R8xc4 28. Rxa7 Rc1+ 29. Rxc1 Rxc1+ 30. Kg2 Rc2 31. Rb7 Bc1 32. Kf3 Rxa2 33. Rxb6 Bd2 34. Rxf6 Be1 35. Kg2 Kg8 36. g4 Rc2 37. h3 Rb2 38. Rf3 Bc3 39. Ng3 Be5 40. Nf5 Kh7 41. Ne7 Kg7 42. Rf5 Bf6 43. Nd5 Bh4 44. Nc3 Rc2 45. Ne4 Rc4 46. Kf3 1-0


[Site "https://www.chess.com"]

[Event "Titled Tuesday Blitz May 11 2021"]
[White "Jones, Gawain C B"]
[Black "Dang, Hoang Son"]
[WhiteFideId "409561"]
[BlackFideId "12402435"]
[WhiteElo "2657"]
[BlackElo "2248"]
[Result "0-1"]
[Round "07"]
[TimeControl "180+1"]
[Date "2021.05.11"]
[WhiteClock "0:00:03"]
[BlackClock "0:00:09"]

1. Nf3 g6 2. c4 Bg7 3. Nc3 d6 4. g3 Nf6 5. d4 O-O 6. Bg2 Nbd7 7. O-O e5 8. h3 Re8 9. e4 exd4 10. Nxd4 Nc5 11. Re1 a5 12. b3 Bd7 13. Bb2 Qc8 14. Kh2 Re5 15. f4 Re8 16. Qd2 c6 17. Re2 Qc7 18. Rae1 Rad8 19. Nf3 Bc8 20. Qc2 Nfd7 21. Nd1 Bxb2 22. Nxb2 Na6 23. Nd3 Nb4 24. Nxb4 axb4 25. Qd2 c5 26. f5 Ne5 27. Qh6 Qe7 28. Rf1 Qf8 29. Qh4 f6 30. Nxe5 g5 31. Nd7 Bxd7 32. Qh5 Bc6 33. h4 Qf7 34. Qh6 Qg7 35. hxg5 Qxg5 36. Qxg5+ fxg5 37. Bf3 Kg7 38. f6+ Kg6 39. Bg4 Re5 40. f7 Rf8 41. Rd2 Rxe4 42. Bf5+ Kg7 43. Bxe4 Bxe4 44. Rxd6 Bc6 45. Rdf6 h5 46. R1f5 Be4 47. Rf2 Bg6 48. Rb6 Be4 49. Re6 Bg6 50. Re7 b6 51. Rb7 Bxf7 52. Kg1 Kg6 53. Rxb6+ Kg7 54. Rbf6 Kg8 55. R2f5 Kg7 56. Kf2 h4 57. g4 h3 58. Kg3 h2 59. Kxh2 Rh8+ 60. Kg3 Bg6 61. Rf2 Ra8 62. Rc6 Rd8 63. Rc7+ Kh6 64. Rxc5 Rd3+ 65. Rf3 Rd2 66. Rc6 Kg7 67. Rc7+ Kh6 68. Rf2 Rd3+ 69. Rf3 Rd2 70. Rf6 Rg2+ 71. Kh3 Rh2+ 72. Kg3 Rg2+ 73. Kf3 Rf2+ 74. Ke3 Rxf6 75. Rb7 Rf4 76. Rxb4 Rxg4 77. Rb6 Rg3+ 78. Kf2 Rc3 79. a4 g4 80. a5 g3+ 81. Ke2 Kg5 82. a6 Bh5+ 83. Kd2 g2 84. Rb5+ Kh4 85. Kxc3 g1=Q 86. Rb7 Qe3+ 87. Kb4 Qd2+ 88. Kb5 Bf3 89. Rh7+ Kg5 90. a7 Qd3 91. Rg7+ Kf6 92. Rg8 Qxb3+ 93. Kc5 Qa3+ 94. Kd4 Qxa7+ 95. Kc3 Qa3+ 96. Kd4 Qd6+ 97. Kc3 Qe5+ 98. Kb4 Qb2+ 99. Kc5 Bh5 100. Rf8+ Bf7 101. Rd8 Qe5+ 102. Kb6 Bxc4 103. Rc8 Be6 104. Rc6 Qd4+ 105. Kc7 Ke5 106. Rb6 Bd5 107. Rb8 Qc5+ 108. Kd7 Be6+ 109. Ke8 Qc6+ 110. Kf8 Qd6+ 111. Kg7 Qxb8 112. Kh6 Qg8 113. Kh5 Bf5 0-1


[Site "https://www.chess.com"]

[Event "Titled Tuesday Blitz May 11 2021"]
[White "Kamsky, Gata"]
[Black "Dubov, Daniil"]
[WhiteFideId "2000024"]
[BlackFideId "24126055"]
[WhiteElo "2644"]
[BlackElo "2722"]
[Result "1/2-1/2"]
[Round "07"]
[TimeControl "180+1"]
[Date "2021.05.11"]
[WhiteClock "0:00:10"]
[BlackClock "0:00:01"]

1. d4 Nf6 2. Nf3 g6 3. Bg5 Bg7 4. Nbd2 O-O 5. c3 d5 6. e3 Nbd7 7. Be2 Re8 8. O-O e5 9. b4 c6 10. a4 Qc7 11. Bh4 a5 12. Rc1 Ne4 13. b5 Nxd2 14. Qxd2 e4 15. Bg3 Qd8 16. Ne1 Nb6 17. Qa2 Bd7 18. Rb1 Rc8 19. Nc2 c5 20. Rfd1 Be6 21. Qa3 Qe7 22. Qa1 h5 23. h3 Kh7 24. Kh1 h4 25. Bh2 f5 26. dxc5 Qxc5 27. Nd4 Qxc3 28. Qa2 Bf7 29. Rd2 Qc5 30. Rc2 Nc4 31. Bf4 Bf6 32. Rd1 Qb6 33. Kg1 Rcd8 34. Bh2 Kg8 35. Qb3 Bg7 36. Bxc4 dxc4 37. Qc3 Rd7 38. Rcd2 Red8 39. g3 hxg3 40. Bxg3 Bf6 41. Kh2 Qc5 42. Rc1 Qb4 43. b6 Qxc3 44. Rxc3 Bxd4 45. exd4 Rxd4 46. Rxd4 Rxd4 47. Bf4 Rd5 48. h4 Kg7 49. Rxc4 Rd7 50. Rc7 Be6 51. Rxd7+ Bxd7 52. Bd2 Bxa4 53. Kg3 Kf6 54. Kf4 Ke6 55. Bxa5 Be8 56. Bd2 Kd5 57. Be3 Kc4 58. Kg5 Kd3 59. Kf4 Ke2 60. Bd4 Kf1 61. Kg3 Ke2 62. Be3 Kd3 63. Kf4 Kc4 64. Ke5 Kd3 65. Kf4 1/2-1/2


[Site "https://www.chess.com"]

[Event "Titled Tuesday Blitz May 11 2021"]
[White "Kovalev, Vladislav"]
[Black "Gritsenko, Nikolai"]
[WhiteFideId "13504398"]
[BlackFideId "14112493"]
[WhiteElo "2573"]
[BlackElo "2389"]
[Result "1/2-1/2"]
[Round "07"]
[TimeControl "180+1"]
[Date "2021.05.11"]
[WhiteClock "0:00:06"]
[BlackClock "0:00:13"]

1. e4 e5 2. Nf3 d6 3. d4 exd4 4. Nxd4 Nf6 5. Nc3 g6 6. g3 Bg7 7. Bg2 O-O 8. O-O Bd7 9. a4 Nc6 10. Nxc6 Bxc6 11. Re1 Re8 12. h3 a6 13. a5 h6 14. Qd3 d5 15. e5 Ne4 16. f4 Nc5 17. Qd1 d4 18. Bxc6 bxc6 19. Ne4 Nxe4 20. Rxe4 c5 21. Qd3 Qd7 22. Kh2 Qc6 23. b3 f6 24. Bd2 fxe5 25. Rae1 exf4 26. Bxf4 Rxe4 27. Rxe4 Rf8 28. h4 Rf5 29. Re7 Qf6 30. Qc4+ Kh7 31. Re6 Qf8 32. Rxa6 Rxf4 33. gxf4 Qxf4+ 34. Kg2 Be5 35. Re6 Qg3+ 36. Kf1 Qf3+ 37. Kg1 Qg3+ 38. Kf1 Qf3+ 39. Kg1 Qg3+ 40. Kf1 1/2-1/2


[Site "https://www.chess.com"]

[Event "Titled Tuesday Blitz May 11 2021"]
[White "Lintchevski, Daniil"]
[Black "Ortiz Suarez, Isan Reynaldo"]
[WhiteFideId "4171055"]
[BlackFideId "3507165"]
[WhiteElo "2505"]
[BlackElo "2539"]
[Result "1-0"]
[Round "07"]
[TimeControl "180+1"]
[Date "2021.05.11"]
[WhiteClock "0:01:19"]
[BlackClock "0:01:41"]

1. e4 c5 2. d4 cxd4 3. Nf3 d6 4. Nxd4 Nf6 5. Nc3 a6 6. Be3 e6 7. Be2 Qc7 8. f4 b5 9. Bf3 Bb7 10. a3 Be7 11. g4 Nc6 12. g5 Nd7 13. Qe2 O-O 14. O-O-O Na5 15. h4 Rfe8 16. g6 Bf6 17. gxf7+ Kxf7 18. Ndxb5 axb5 19. Nxb5 Qb8 20. Nxd6+ Kg8 21. e5 Bxf3 22. Qxf3 Nxe5 23. fxe5 Rd8 24. exf6 Rxd6 25. Rxd6 Qxd6 26. Qxa8+ 1-0


[Site "https://www.chess.com"]

[Event "Titled Tuesday Blitz May 11 2021"]
[White "Martinez Alcantara, Jose Eduardo"]
[Black "Svane, Rasmus"]
[WhiteFideId "3805662"]
[BlackFideId "4657101"]
[WhiteElo "2690"]
[BlackElo "2669"]
[Result "1/2-1/2"]
[Round "07"]
[TimeControl "180+1"]
[Date "2021.05.11"]
[WhiteClock "0:00:03"]
[BlackClock "0:00:02"]

1. e4 c6 2. Nf3 d5 3. d3 dxe4 4. dxe4 Qxd1+ 5. Kxd1 Nf6 6. Bd3 Nbd7 7. Nc3 e5 8. h3 Bc5 9. Ke2 Ke7 10. Nb1 Ne8 11. Nfd2 Nd6 12. Nb3 Bb6 13. Be3 Bxe3 14. Kxe3 Nb6 15. N1d2 Na4 16. Rab1 Be6 17. Rhc1 Rhd8 18. c4 c5 19. Ke2 Rac8 20. Nf1 Nb6 21. Ne3 Nd7 22. h4 Nb8 23. f3 Nc6 24. Nd5+ Kf8 25. a3 b6 26. Kf2 Nd4 27. Nd2 h5 28. b4 f6 29. Nf1 Kf7 30. Nfe3 g6 31. b5 f5 32. a4 f4 33. Nf1 Bxd5 34. exd5 N4f5 35. Bxf5 gxf5 36. g3 fxg3+ 37. Nxg3 Rh8 38. a5 f4 39. Ne2 Kf6 40. Ra1 Ra8 41. Nc3 Kf5 42. Ra4 Nb7 43. Ne4 Nxa5 44. Rg1 Rhg8 45. Rg5+ Rxg5 46. hxg5 Nb7 47. Kg2 Kg6 48. Kh3 Kf5 49. Kh4 Kg6 50. Ra1 Na5 51. Nd2 Re8 52. Ra4 Re7 53. Ne4 Re8 54. Nd6 Rd8 55. Ne4 Rc8 56. Nd6 Rd8 57. Ne4 Rd7 58. Kh3 Rc7 59. Kh4 Rf7 60. d6 Rd7 61. Kh3 Kf5 62. Kh4 Kg6 63. Kh3 Rd8 64. Kh4 Nb7 65. Rxa7 Nxd6 66. Nxd6 Rxd6 67. Rb7 Re6 68. Rb8 Rd6 69. Rb7 Re6 70. Rb8 Rd6 71. Rb7 1/2-1/2


[Site "https://www.chess.com"]